 Dungeon Crawl Stone Soup version 0.31-a0-150-g89dc3ad700 (webtiles) character file.

Game seed: 10392404510080355004

67 Dittersdorf the Shield-Bearer (level 4, -3/29 HPs)
             Began as a Gargoyle Fighter on June 8, 2023.
             Slain by an orc
             ... wielding a +0 dagger of venom
              (4 damage)
             ... on level 3 of the Dungeon.
             The game lasted 00:01:53 (1545 turns).

Dittersdorf the Shield-Bearer (Gargoyle Fighter)    Turns: 1545, Time: 00:01:54

Health: -3/29      AC: 13    Str: 22    XL:     4   Next: 16%
Magic:  4/4        EV:  8    Int:  8    God:
Gold:   87         SH:  4    Dex:  9    Spells: 3/3 levels left

rFire   . . .        a - +0 flail
rCold   . . .        c - +0 buckler
rNeg    + . .        s - +0 chain mail
rPois   ∞            (no helmet)
rElec   +            (no cloak)
rCorr   +            (no gloves)
SInv    +            (no boots)
Will    .....        (no amulet) Stlth
                     r - ring of see invisible
HPRegen 0.24/turn    l - ring of resist corrosion
MPRegen 0.09/turn

%: no passive effects
@: no status effects
A: sickness immunity, AC +3, negative energy resistance 1, electricity
resistance, torment resistance 1, petrification resistance
a: no special abilities


You were on level 3 of the Dungeon.
You visited 1 branch of the dungeon, and saw 3 of its levels.

You collected 87 gold pieces.

Inventory:

Hand Weapons
 a - a +0 flail (weapon)
Missiles
 k - 6 poisoned darts
Armour
 c - a +0 buckler (worn)
 s - a +0 chain mail (worn)
Jewellery
 l - a ring of resist corrosion (right hand)
 r - a ring of see invisible (left hand)
Scrolls
 e - a scroll of teleportation
 j - a scroll of blinking {unknown}
 n - 2 scrolls of enchant armour {unknown}
 o - a scroll of fog {unknown}
Potions
 d - a potion of might
 f - 2 potions of ambrosia
 i - a potion of lignification
 m - a potion of brilliance
 p - a potion of mutation {unknown}
 q - a potion of heal wounds


   Skills:
 + Level 3.9 Fighting
 + Level 2.6 Maces & Flails
 + Level 3.9 Armour
 + Level 4.0 Shields


You had 3 spell levels left.
You didn't know any spells.
Your spell library contained the following spells:

 Spells                   Type           Power      Damage    Failure   Level
 Freeze                   Ice            0%         1d3       98%         1
 Frozen Ramparts          Ice            0%         1d1       100%        3
 Hailstorm                Conj/Ice       0%         3d3       100%        3
 Ignite Poison            Fire/Tmut/Pois 0%         N/A       100%        3
 Freezing Cloud           Conj/Ice/Air   0%         6-21      100%        5
 Cigotuvi's Dreadful Rot  Necr/Pois/Air  Unusable   N/A       N/A         2

Dungeon Overview and Level Annotations

Branches:
Dungeon (3/15)

Altars:
Ashenzari
Cheibriados
Sif Muna
Trog
Zin


Innate Abilities, Weirdness & Mutations

You are immune to sickness and miasma.
Your stone body is resilient. (AC +3)
You are immune to poison.
You resist negative energy. (rN+)
You are resistant to electric shocks. (rElec)
You are resistant to unholy torment.
You are immune to petrification.


Message History

No target in view!
No target in view!
No target in view!
No target in view!
No target in view!
No target in view!
No target in view!
No target in view!
No target in view!
No target in view!
No target in view!
No target in view!
Found 6 gold pieces.
An orc comes into view. It is wielding a +0 dagger of venom.
An orc priest comes into view. It is wielding a +0 dagger of venom.
The orc barely misses you.
You closely miss the orc priest.
The orc priest calls down the wrath of Beogh upon you.
Beogh smites you! The orc hits you but does no damage.
You barely miss the orc priest.
The orc priest calls down the wrath of Beogh upon you.
You barely resist. The orc hits you but does no damage.
You hit the orc priest.
The orc priest is lightly wounded.
You hear the slow rusting of a drain nearby.
The orc priest hits you but does no damage.
The orc closely misses you.
The orc priest hits you but does no damage.
The orc completely misses you.
You barely miss the orc priest.
The orc priest is lightly wounded.
You block the orc priest's attack. The orc hits you but does no damage.
You hit the orc priest.
The orc priest is lightly wounded.
The orc priest calls down the wrath of Beogh upon you.
Beogh smites you!
Ouch! That really hurt!
* * * LOW HITPOINT WARNING * * *
The orc hits you with a +0 dagger of venom.
You die...

*,#....⌠$._.#,.,**,,,*
*,#.........#..,**,,,*
*,##._.........,,,,***
#,#....r.......,,,,*
#.#)##.K...##*,,**,***
#.#.####.).....,**,,,,
#...#*##.......,,,,,,,
#######.##.........,***,**
#........@o........,,,,,*
#.#......o.#.......,,,,,*
*,#..##.####..#...#,**,,*
*,#..*#.# *..#...#***,,*
*,#.,*#.#***,,,,,,,,,,,,**
**,.,,,...,,,,,*,,,****,,,,
****,..,*,###***,,*,,,********
*,,,,*,,*,** **,,*,,,,,,,*
*,**,,,,,,,****,,,,,,,***,*


You could see an orc priest and an orc.

Vanquished Creatures
  A worm (D:2)
  A dart slug (D:1)
  7 bats
  4 endoplasms
  A giant cockroach (D:1)
  4 goblins
  11 hobgoblins
  3 jackals (D:1)
  6 quokkas
  4 ball pythons
  3 frilled lizards (D:1)
  3 kobolds
  5 rats
53 creatures vanquished.

Notes
Turn   | Place    | Note
-------+----------+-------------------------------------------
     0 | D:1      | Dittersdorf the Gargoyle Fighter began the quest for the
                  | Orb.
     0 | D:1      | Reached XP level 1. HP: 14/14 MP: 1/1
    46 | D:1      | Found a faded altar of an unknown god.
    74 | D:1      | Reached XP level 2. HP: 17/19 MP: 2/2
   360 | D:1      | Reached XP level 3. HP: 23/23 MP: 3/3
  1194 | D:2      | Reached XP level 4. HP: 29/29 MP: 4/4
  1503 | D:3      | Found a broken altar of Ashenzari.
  1503 | D:3      | Found a snail-covered altar of Cheibriados.
  1503 | D:3      | Found a glowing silver altar of Zin.
  1503 | D:3      | Found a shimmering blue altar of Sif Muna.
  1503 | D:3      | Found a bloodstained altar of Trog.
  1532 | D:3      | Reached skill level 4 in Shields
  1545 | D:3      | HP: 1/29 [orc priest/divine providence (16)]
  1545 | D:3      | Slain by an orc

Illustrated notes

Levels and vault maps discovered:
D:1:      scummos_arrival_simple_crosswalls, layout_loops_cross,
          chequers_ecumenical_altar_simple_redux, st_stairs_8
D:2:      layout_loops_ring, serial_glass, glass_columns_b, glass_columns_a
D:3:      layout_loops_ring, grunt_temple_overflow_open, gup_sewer_entry_bubbles

Skill      XL: |  1  2  3  4 |
---------------+-------------+-----
Shields        | 4 |  4.0
Fighting       | |  3.9
Maces & Flails | |  2.6
Armour         | |  3.9

Action                     |  1- 3 |  4- 6 || total
---------------------------+-------+-------++-------
  Melee: Flail             |   163 |    40 ||   203
    Use: Scroll            |       |     6 ||     6
 Armour: Scale mail        |   112 |     7 ||   119
         Chain mail        |       |    23 ||    23
  Dodge: Dodged            |    95 |    21 ||   116
  Block: Buckler           |    41 |     8 ||    49

Table legend: (Time is in decaauts)
 A = Elapsed time spent in this place.
 B = Non-inter-level travel time spent in this place.
 C = Inter-level travel time spent in this place.
 D = Time resting spent in this place.
 E = Time spent auto-exploring this place.
 F = Levels seen in this place.
 G = Mean time per level.
                   A        B        C        D        E       F      G
               +--------+--------+--------+--------+--------+-----+--------+
         Total |   1606 |   1564 |     42 |      0 |   1141 |   3 |  535.3 |
       Dungeon |   1606 |   1564 |     42 |      0 |   1141 |   3 |  535.3 |
               +--------+--------+--------+--------+--------+-----+--------+

Top non-repeatable levels by time:
     D:1: 914 daAuts
     D:2: 639 daAuts
     D:3: 52 daAuts
